Description

This is made for my own use. See Gemini's build order of the week for a well explained version of this.

Build Order

Get SALT Encoding   

    0:00  Probe (Chrono Boost)  
  14  0:18  Pylon  Wall off
  16  0:36  Gateway  
  16  0:43  Assimilator  
  17  0:52  Assimilator  Rally into gas
  18  1:04  Gateway  Scout
    1:05  Probe (Chrono Boost)  
    1:24  Cybernetics Core  
  21  1:33  Pylon  
    2:00  Warp Gate (Chrono Boost), Adept x2  
  27  2:27  Stalker x2  
  31  2:38  Nexus  you get supply blocked here
  31  2:44  Pylon  @2nd nexus
  31  2:58  Robotics Facility  Delay twilight if incoming aggression > make units and shield batteries instead <
  35  3:20  Twilight Council  when you can afford
    3:32  Pylon  
    3:40  Shield Battery, Observer  @100% robo
    4:00  Blink  @100% twilight council
    4:05  Immortal x3 (Chrono Boost)  @100% observer
  51  4:30  Forge, Pylon  
    4:50  Assimilator x2  
    6:01  Charge  @100% blink
    6:15  Templar Archives, Gateway x6  when you can afford
    6:20  Warp Prism, Nexus  3rd, @100% 3rd immortal
    8:00  Action  End of buildorder
Spawning Tool Build Advisor. Get it on Overwolf

Go to:

Details

  • Created by: legion
  • Published on: Nov 23, 2017
  • Modified on: Nov 23, 2017
  • Patch: 4.0.0
Show
View Real Time Build Order
Export as new Build Order

Comments (0)

There are no comments. Be the first!

Create an account to comment!